 Dungeon Crawl Stone Soup version 0.22-a0-880-gb7b0c8b (webtiles) character file.

2243 iamserjio the Magician (level 9, -3/72 HPs)
             Began as a Barachi Ice Elementalist on July 30, 2018.
             Was a Believer of Cheibriados.
             Killed from afar by an electric eel (14 damage)
             ... with a bolt of electricity
             ... on level 8 of the Dungeon.
             The game lasted 00:33:26 (3260 turns).

iamserjio the Magician (Barachi Ice Elementalist)   Turns: 3260, Time: 00:33:26

Health: -3/72      AC:  6    Str: 12    XL:     9   Next: 37%
Magic:  3/20       EV: 18    Int: 28    God:    Cheibriados [**....]
Gold:   371        SH:  0    Dex: 18    Spells: 11/23 levels left

rFire    . . .     SeeInvis +   O - +9 whip of Ragnarok {flame, rC+ rN+ Str-2 SInv}
rCold    + . .     Gourm    .   (no shield)
rNeg     + . .     Faith    .   a - +0 robe
rPois    .         Spirit   .   (no helmet)
rElec    .         Reflect  .   C - +0 cloak
rCorr    .         Harm     .   (no gloves)
MR       .....                  y - +2 pair of boots (curse)
Stlth    ++........             (no amulet)
HPRegen  0.22/turn              n - +4 ring of intelligence
MPRegen  0.17/turn              J - +4 ring of evasion

@: very slightly contaminated, very slow
A: +LOS, swims, slowness 1, strong legs 1
a: Hop, Bend Time, Renounce Religion


You were on level 8 of the Dungeon.
You worshipped Cheibriados.
Cheibriados was pleased with you.
You were not hungry.

You visited 2 branches of the dungeon, and saw 9 of its levels.

You collected 371 gold pieces.

Inventory:

Hand Weapons
 d - a +0 short sword
 g - a +0 spear
 r - a cursed -1 hunting sling
 v - a +0 trident
 E - a +2 short sword of flaming
 F - a +2 hand axe of electrocution
 G - a +0 whip of electrocution
 O - the +9 whip of Ragnarok (weapon) {flame, rC+ rN+ Str-2 SInv}
   (You found it on level 7 of the Dungeon)

   It has been specially enchanted to burn those struck by it, causing extra
   injury to most foes and up to half again as much damage against particularly
   susceptible opponents.
   It affects your strength (-2).
   It protects you from cold.
   It protects you from negative energy.
   It lets you see invisible.
Missiles
 b - 4 exploding tomahawks (quivered)
 i - 168 arrows
 q - 12 tomahawks
Armour
 a - a +0 robe (worn)
 j - a +3 ring mail
 y - a cursed +2 pair of boots (worn)
 C - a +0 cloak (worn)
Magical Staves
 H - a cursed staff of cold {unknown}
Jewellery
 m - an uncursed ring of protection from fire
 n - a +4 ring of intelligence (left hand)
 t - an uncursed ring of protection from magic
 B - the ring "Ruhif" {+Fly rF+}
   (You found it on level 6 of the Dungeon)

   [ring of flight]

   It protects you from fire.
   It lets you fly.
 J - a +4 ring of evasion (right hand)
Wands
 h - a wand of clouds (4)
Scrolls
 f - 4 scrolls of fog
 k - 3 scrolls of teleportation
 l - 2 scrolls of immolation
 w - 3 scrolls of remove curse {@r2}
 x - 3 scrolls of random uselessness {unknown}
 z - a scroll of magic mapping {unknown}
 A - a scroll of enchant weapon {unknown}
Potions
 e - a potion of agility
 o - 4 potions of curing {@q1}
 p - a potion of cancellation {unknown}
 s - a potion of magic
 u - a potion of lignification {unknown}
 D - 2 potions of heal wounds
 I - a potion of mutation {unknown}
 L - a potion of ambrosia
 N - a potion of haste {unknown}
Comestibles
 c - 12 rations
 M - 2 chunks of flesh


   Skills:
 - Level 7.0 Fighting
 + Level 3.8 Dodging
 - Level 1.7 Stealth
 * Level 0.4 Unarmed Combat
 + Level 7.7 Spellcasting
 - Level 1.1 Conjurations
 + Level 2.7 Charms
 - Level 5.4 Summonings
 - Level 6.0 Ice Magic
 + Level 1.3 Invocations


You had 11 spell levels left.
You knew the following spells:

 Your Spells              Type           Power        Failure   Level  Hunger
a - Freeze                Ice            ####         1%          1    None
b - Ozocubu's Armour      Chrm/Ice       #####...     2%          3    None
c - Summon Ice Beast      Ice/Summ       #####...     4%          4    ##.....
d - Throw Icicle          Conj/Ice       ####....     12%         4    ##.....

Your spell library contained the following spells:

 Spells                   Type           Power        Failure   Level  Hunger
 Throw Frost              Conj/Ice       ####..       1%          2    None


Dungeon Overview and Level Annotations

Branches:
Dungeon (8/15)             Temple (1/1) D:4
   Lair: D:8-11

Altars:
Ashenzari
Cheibriados
Dithmenos
Elyvilon
Fedhas
Gozag
Makhleb
Nemelex Xobeh
Qazlal
Ru
Sif Muna
Trog
Uskayaw
Vehumet
Wu Jian
Xom
Yredelemnul
Zin
The Shining One


Innate Abilities, Weirdness & Mutations

Shadows flee at your approach. (+LOS)
You can swim through water.
You cover ground slowly.
You can hop short distances.


Message History

Your ice beast hits the scorpion.
Your ice beast freezes the scorpion!
The scorpion splashes around in the water.
Your ice beast hits the scorpion but does no damage.
The scorpion splashes around in the water.
Your ice beast hits the scorpion but does no damage.
The scorpion splashes around in the water.
Your ice beast closely misses the scorpion.
The electric eel shoots out a bolt of lightning at you!
The bolt of electricity hits the scorpion.
The scorpion dies!
The bolt of electricity hits your ice beast.
The bolt of electricity hits you! x2
* * * LOW HITPOINT WARNING * * *
The electric eel shoots out a bolt of lightning at you!
The bolt of electricity hits your ice beast.
Your ice beast dies!
The bolt of electricity hits you!
* * * LOW HITPOINT WARNING * * *
The bolt of electricity hits you!
You die...

# ♣ ≈♣ ≈P ♣≈♣≈≈≈
♣P≈≈P≈; ♣≈≈≈≈≈≈P
##♣P≈≈P≈≈≈≈
##≈†;≈♣ ≈≈;
#.≈♣≈≈≈≈≈≈≈≈ ≈
#@♣♣P≈≈≈♣≈≈≈≈≈
#.#♣♣♣≈≈≈P≈≈≈
#...♣ ≈≈≈♣≈≈ ≈
###.# ≈≈≈♣≈P♣≈
#.#♣♣≈♣♣♣ ≈s≈
#.##..≈♣♣ ♣♣♣≈♣♣
#....>#.##♣≈≈≈≈♣
####.#...####...
#........+...


You could see an electric eel.

Vanquished Creatures
  Grinder (D:3)
  Prince Ribbit (D:5)
  Menkaure (D:5)
  An ogre (D:2)
  2 centaurs
  Blork the orc (D:6)
  A scorpion (D:7)
  2 hounds
  A centaur skeleton (D:6)
  2 worker ants
  Natasha (D:3)
  7 adders
  A shadow imp (D:6)
  2 oozes
  An adder skeleton (D:7)
  2 leopard geckos
  8 orcs
  2 bat zombies (D:2)
  3 giant cockroaches
  6 goblins
  5 hobgoblins
  9 jackals
  6 kobolds
  7 quokkas
  7 bats
  5 frilled lizards
  10 rats
95 creatures vanquished.

Vanquished Creatures (collateral kills)
  Pikel (D:6)
  Duvessa (D:4)
  3 ice beasts
  3 orc warriors
  An ogre (D:7)
  2 centaurs
  Dowan (D:4)
  A scorpion (D:4)
  2 electric eels (D:8)
  A bullfrog zombie (D:5)
  2 orc wizards
  3 orc priests
  Jessica (D:3)
  2 iguanas
  Ijyb (D:3)
  Natasha (twice) (D:3)
  2 worker ants (D:7)
  A hound zombie (D:5)
  A worker ant zombie (D:5)
  An adder (D:4)
  An ooze (D:5)
  2 worms
  12 orcs
  A giant cockroach (D:4)
  A hobgoblin (D:3)
  9 jackals
  A ball python (D:4)
59 creatures vanquished.

Vanquished Creatures (others)
  A scorpion (D:8)
  2 orc wizards (D:6)
3 creatures vanquished.

Grand Total: 157 creatures vanquished

Notes
Turn   | Place    | Note
-------+----------+-------------------------------------------
     0 | D:1      | iamserjio the Barachi Ice Elementalist began the quest for the Orb.
     0 | D:1      | Reached XP level 1. HP: 13/13 MP: 3/3
    62 | D:1      | Reached XP level 2. HP: 9/19 MP: 0/5
   204 | D:1      | Reached XP level 3. HP: 14/24 MP: 1/7
   350 | D:2      | Learned a level 3 spell: Ozocubu's Armour
   351 | D:2      | Noticed an ogre
   615 | D:2      | Reached XP level 4. HP: 26/30 MP: 1/8
   737 | D:2      | Learned a level 4 spell: Summon Ice Beast
   763 | D:2      | Killed an ogre
   763 | D:2      | Reached skill level 1 in Fighting
   763 | D:2      | Reached skill level 1 in Charms
   763 | D:2      | Reached skill level 1 in Summonings
   763 | D:2      | Reached skill level 5 in Ice Magic
   763 | D:2      | Reached XP level 5. HP: 37/37 MP: 6/10
   813 | D:3      | Noticed Natasha
   814 | D:3      | Found an opulent altar of Gozag.
   820 | D:3      | Killed Natasha
   828 | D:3      | Found a burning altar of Makhleb.
   878 | D:3      | Noticed Ijyb
   900 | D:3      | Killed Ijyb
   908 | D:3      | Found a shattered altar of Ashenzari.
   959 | D:3      | Noticed Natasha
   967 | D:3      | Killed Natasha
   967 | D:3      | Reached XP level 6. HP: 34/44 MP: 6/11
  1034 | D:3      | Noticed Jessica
  1042 | D:3      | Noticed Grinder
  1042 | D:3      | Killed Jessica
  1044 | D:3      | Paralysed by Grinder for 2 turns
  1083 | D:3      | Killed Grinder
  1119 | D:3      | Noticed Natasha
  1124 | D:3      | Killed Natasha
  1124 | D:3      | Reached XP level 7. HP: 31/50 MP: 1/13
  1128 | D:3      | Found a bloodstained altar of Trog.
  1268 | D:4      | Found a staircase to the Ecumenical Temple.
  1268 | D:4      | Noticed Dowan
  1272 | D:4      | Noticed Duvessa
  1287 | D:4      | Killed Duvessa
  1295 | D:4      | Killed Dowan
  1311 | Temple   | Entered the Ecumenical Temple
  1372 | D:4      | Found a hide-covered altar of Uskayaw.
  1582 | D:5      | Entered Level 5 of the Dungeon
  1645 | D:5      | Noticed Prince Ribbit
  1667 | D:5      | Killed Prince Ribbit
  1667 | D:5      | Reached skill level 5 in Summonings
  1705 | D:5      | Reached XP level 8. HP: 25/58 MP: 7/15
  1724 | D:5      | Found a snail-covered altar of Cheibriados.
  1732 | D:5      | Became a worshipper of Cheibriados the Contemplative
  1738 | D:5      | Learned a level 4 spell: Throw Icicle
  1845 | D:5      | Reached skill level 5 in Spellcasting
  1868 | D:5      | Found a basalt altar of Yredelemnul.
  1926 | D:5      | Found a white marble altar of Elyvilon.
  2034 | D:5      | Noticed Menkaure
  2061 | D:5      | Killed Menkaure
  2304 | D:5      | Reached skill level 5 in Fighting
  2396 | D:6      | Noticed Blork the orc
  2409 | D:6      | Killed Blork the orc
  2409 | D:6      | Reached * piety under Cheibriados
  2662 | D:6      | Noticed Pikel
  2678 | D:6      | Killed Pikel
  2678 | D:6      | Reached XP level 9. HP: 71/71 MP: 9/19
  2695 | D:6      | Got a steaming amber ring
  2699 | D:6      | Identified the ring "Ruhif" {+Fly rF+} (You found it on level 6 of the Dungeon)
  2971 | D:7      | Reached ** piety under Cheibriados
  3067 | D:7      | Reached skill level 1 in Invocations
  3118 | D:7      | Got a twisted whip
  3119 | D:7      | Identified the +9 whip of Ragnarok {flame, rC+ rN+ Str-2 SInv} (You found it on level 7 of the Dungeon)
  3260 | D:8      | Killed from afar by an electric eel

Vault maps used:
D:1:      roderic_octagonal_star, minmay_misc_feat_tiny, minmay_hexomino_u4
D:2:      kennysheep_vampire_church
D:3:      nicolae_overflow_hidden_temple, grunt_temple_overflow_open,
          first_ration, grunt_decor_cap, ashenzari_altar_1, uniq_ijyb,
          uniq_jessica, uniq_natasha, uniq_grinder
D:4:      old_standard_altar, minmay_temple_entry_large_hall, uniq_duvessa
D:5:      elyvilon_altar_3, kennysheep_mini_moat,
          nicolae_overflow_crystal_walls, uniq_prince_ribbit1, uniq_menkaure
D:6:      uniq_blork_the_orc, uniq_pikel
D:8:      overflow_temple_1_default, serial_bayou, serial_bayou_shore_b,
          serial_bayou_pond_b, serial_bayou_pond_a, serial_bayou_lake_a,
          gammafunk_ghost_stat_death
Temple:   minmay_temple_bridge_abc

Skill      XL: |  1  2  3  4  5  6  7  8  9 |
---------------+----------------------------+-----
Ice Magic      | 4 5 6 |  6.0
Spellcasting   | 3 4 7 |  7.7
Fighting       | 1 2 3 6 7 |  7.0
Charms         | 1 2 |  2.7
Summonings     | 1 2 3 5 |  5.4
Dodging        | 3 |  3.8
Invocations    | 1 |  1.3
Stealth        | |  1.7
Unarmed Combat | |  0.4
Conjurations   | |  1.1

Action                   |  1- 3 |  4- 6 |  7- 9 || total
-------------------------+-------+-------+-------++-------
Melee: Short sword       |    33 |       |       ||    33
       Unarmed           |     3 |       |       ||     3
       Spear             |    24 |    50 |    93 ||   167
       Trident           |       |       |    17 ||    17
       Hand axe          |       |       |    32 ||    32
       Whip              |       |       |     2 ||     2
 Cast: Freeze            |    44 |    36 |    43 ||   123
       Ozocubu's Armour  |       |     1 |     5 ||     6
       Summon Ice Beast  |       |     7 |    44 ||    51
 Abil: Hop               |       |     1 |       ||     1
Evoke: Wand              |       |       |     1 ||     1
  Use: Potion            |       |     3 |     2 ||     5
       Scroll            |       |     4 |     5 ||     9
 Stab: Sleeping          |     3 |       |     2 ||     5
       Distracted        |       |       |     4 ||     4
       Confused          |       |       |     1 ||     1
  Eat: Chunk             |       |     1 |    14 ||    15
Armor: Robe              |    33 |    14 |    41 ||    88
Dodge: Dodged            |    94 |    50 |   113 ||   257

Table legend:
 A = Spawn XP
 B = Non-spawn XP
 C = Spawn XP percentage of total XP
 D = Spawn monster count
 E = Non-spawn monster count
 F = Spawn count percentage of total count
 G = Total turns spent on level
                    A         B        C        D         E        F      G
               +---------+---------+-------+---------+---------+-------+---------
         Total |       0 |    3205 |   0.0 |       0 |     157 |   0.0 |  3260
               +---------+---------+-------+---------+---------+-------+---------
           D:1 |       0 |      39 |   0.0 |       0 |      23 |   0.0 |   345
           D:2 |       0 |     201 |   0.0 |       0 |      25 |   0.0 |   468
           D:3 |       0 |     389 |   0.0 |       0 |      26 |   0.0 |   371
           D:4 |       0 |     313 |   0.0 |       0 |      18 |   0.0 |   358
           D:5 |       0 |     777 |   0.0 |       0 |      24 |   0.0 |   814
           D:6 |       0 |     751 |   0.0 |       0 |      23 |   0.0 |   471
           D:7 |       0 |     664 |   0.0 |       0 |      15 |   0.0 |   307
           D:8 |       0 |      71 |   0.0 |       0 |       3 |   0.0 |    86
               +---------+---------+-------+---------+---------+-------+---------
